cohdb
Replays
Latest Replays
All Replays
Popular Replays
Top Player Replays
Match Explorer
How It Works
Community
CoH3 Stats
Reddit
Sign in to upload your games and track your stats! →
Sign in with Steam
Match 47131794
Unlisted
Match 47131794
Overview
Messages
Build Orders
End
Selects Airborne Battlegroup
Selects Heavy Machine Gun Paradrop
Selects Smoke Bombing Run
Construct Weapon Support Center
Heavy Machine Gun Paradrop
Heavy Machine Gun Paradrop
Smoke Bombing Run
Sniper
Construct Medical Station
Heavy Machine Gun Paradrop
Engineer Squad
Air Support Center
Selects Paratrooper Squad Paradrop
Mortar Pit
Grasshopper Recon Run
Paratrooper Squad Paradrop
Double Sortie
P-47 Strafing Run
Construct Motor Pool
Grasshopper Recon Run
Mortar Pit
Improved M9 Bazooka Rockets
Selects Paradrop Reinforcements
Construct Tank Depot
Grasshopper Recon Run
Musiałek
FoxyDolphi
De@d€ye
IronDragon
0
0
Comments
sign in to comment!
No comments posted yet!